 Dungeon Crawl Stone Soup version 0.19-a0-1608-g4cf22de (webtiles) character file.

19522 Amnesiac the Cruncher (level 12, -1/92 HPs)
             Began as a Mummy Gladiator on Sept 18, 2016.
             Was an Initiate of Gozag.
             Slain by a minotaur skeleton (5 damage)
             ... in a labyrinth.
             The game lasted 00:36:08 (22401 turns).

Amnesiac the Cruncher (Mummy Gladiator)            Turns: 22401, Time: 00:36:08

Health: -1/92      AC: 10    Str: 19    XL:     12   Next: 37%
Magic:  12/12      EV: 19    Int:  8    God:    Gozag
Gold:   3014       SH:  0    Dex: 16    Spells: 1 memorised, 9 levels left

rFire  + . .     SeeInvis .     a - +0 quarterstaff
rCold  . . .     Gourm    .     k - +1 scale mail of Geur {+Blink rPois rF++ rC-}
rNeg   + + +     Faith    .     (shield currently unavailable)
rPois  ∞         Spirit   .     c - +0 helmet
rElec  .         Dismiss  .     A - +0 cloak
rCorr  .         Reflect  .     m - +0 pair of gloves
MR     +....     Harm     .     (no boots)
Stlth  ..........               (no amulet)
                                n - ring of positive energy (curse)
                                K - +4 ring of evasion

@: studying Stealth
A: no food or potions, fire vulnerability, cold resistance 1, negative energy
resistance 3, torment resistance, unbreathing
a: Potion Petition, Call Merchant, Bribe Branch, Renounce Religion, Evoke Blink


You were in a labyrinth.
You worshipped Gozag.
Gozag was most pleased with you.
You were not hungry.

You visited 3 branches of the dungeon, and saw 15 of its levels.
You also visited: Labyrinth, Sewer and Ossuary.

You collected 3564 gold pieces.
You paid 550 gold pieces to Gozag.

Inventory:

Hand Weapons
 a - a +0 quarterstaff (weapon)
 I - a +0 blowgun
Missiles
 d - 2 throwing nets (quivered)
 H - 3 curare-tipped needles
Armour
 c - a +0 helmet (worn)
 k - the +1 scale mail of Geur (worn) {+Blink rPois rF++ rC-}
   (You found it on level 4 of the Dungeon)

   It greatly protects you from fire.
   It makes you vulnerable to cold.
   It protects you from poison.
   It lets you blink.
 m - a +0 pair of gloves (worn)
 r - a +0 chain mail
 A - a +0 cloak (worn)
Magical Staves
 M - an uncursed staff of summoning
Jewellery
 b - an uncursed ring of protection from fire
 n - a cursed ring of positive energy (right hand)
 s - an uncursed ring of stealth
 v - an uncursed ring of resist corrosion
 y - an uncursed ring of flight
 K - a +4 ring of evasion (left hand)
Wands
 e - a wand of teleportation (7/9)
 l - a wand of teleportation (5/9)
 u - a wand of iceblast (0/15)
 B - a wand of flame (1/48)
 D - a wand of lightning (0/15)
Scrolls
 f - 5 scrolls of immolation
 h - 3 scrolls of enchant armour
 i - 3 scrolls of teleportation
 j - 2 scrolls of blinking
 o - a scroll of enchant weapon
 p - a scroll of noise
 q - 2 scrolls of recharging
 t - 2 scrolls of amnesia
 w - a scroll of silence
 G - a scroll of summoning
 J - a scroll of fog
Books
 g - a book of Geomancy

   Spells                             Type                      Level
   a - Sandblast                      Earth                        1
   b - Passwall                       Transmutation/Earth          2
   c - Stone Arrow                    Conjuration/Earth            3
   d - Petrify                        Transmutation/Earth          4
   e - Lee's Rapid Deconstruction     Earth                        5
 x - a Fen Folio

   Spells                             Type                      Level
   a - Corpse Rot                     Necromancy                   2
   b - Stone Arrow                    Conjuration/Earth            3
   c - Leda's Liquefaction            Hexes/Earth                  4
   d - Summon Forest                  Summoning/Translocation      5
   e - Hydra Form                     Transmutation                6
   f - Summon Hydra                   Summoning                    7
 z - a book of Battle

   Spells                             Type                      Level
   a - Infusion                       Charms                       1
   b - Shroud of Golubria             Charms/Translocation         2
   c - Song of Slaying                Charms                       2
   d - Spectral Weapon                Hexes/Charms                 3
   e - Regeneration                   Charms/Necromancy            3
 C - a book of Misfortune

   Spells                             Type                      Level
   a - Confusing Touch                Hexes                        1
   b - Confuse                        Hexes                        3
   c - Gell's Gravitas                Hexes/Translocation          3
   d - Petrify                        Transmutation/Earth          4
   e - Metabolic Englaciation         Hexes/Ice                    5
   f - Yara's Violent Unravelling     Hexes/Transmutation          5
 E - a book of Alchemy

   Spells                             Type                      Level
   a - Sublimation of Blood           Necromancy                   2
   b - Ignite Poison                  Fire/Transmutation/Poison    3
   c - Petrify                        Transmutation/Earth          4
   d - Alistair's Intoxication        Transmutation/Poison         5
   e - Irradiate                      Conjuration/Transmutation    5
 L - a manual of Stealth
Miscellaneous
 F - a phial of floods


   Skills:
 - Level 8.0 Fighting
 - Level 14.0 Staves
 - Level 1.5 Throwing
 + Level 8.0 Dodging


You had 9 spell levels left.
You knew the following spells:

 Your Spells              Type           Power        Failure   Level  Hunger
v - Passwall              Tmut/Erth      #.........   99%         2    N/A

Dungeon Overview and Level Annotations

Branches:
Dungeon (12/15)            Temple (1/1) D:6            Lair (0/6) D:8
    Orc (2/2) D:9
    Elf: Orc:2

Altars:
Ashenzari
Cheibriados
Dithmenos
Elyvilon
Fedhas
Gozag
Hepliaklqana
Kikubaaqudgha
Makhleb
Nemelex Xobeh
Okawaru
Qazlal
Ru
Sif Muna
Trog
Uskayaw
Vehumet
Xom
Yredelemnul
Zin
The Shining One
Beogh

Shops:
D:6 %   D:7 [   D:8 *   Orc:2 :

Annotations:
D:3 exclusion: upstairs


Innate Abilities, Weirdness & Mutations

You do not eat or drink.
Your flesh is vulnerable to fire.
You are immune to poison.
Your flesh is cold resistant. (rC+)
You are immune to negative energy. (rN+++)
You are immune to unholy pain and torment.
You can survive without breathing.


Message History

The minotaur skeleton is moderately damaged.
You completely miss the minotaur skeleton.
The minotaur skeleton is moderately damaged.
The minotaur skeleton hits you!! The minotaur skeleton gores you!
* * * LOW HITPOINT WARNING * * *
You hit the minotaur skeleton but do no damage.
The minotaur skeleton is moderately damaged.
You thump the minotaur skeleton!
The minotaur skeleton is moderately damaged.
The minotaur skeleton hits you!
* * * LOW HITPOINT WARNING * * *
The minotaur skeleton gores you!
* * * LOW HITPOINT WARNING * * *
Unknown command.
Evoke which item? (* to show all) (? for menu, Esc to quit)
Okay, then.
The minotaur skeleton completely misses you.
The minotaur skeleton gores you.
You die...
Your body crumbles into a pile of gold.

##### #...# #
#####.#.### .#
#.
.#....#..#...#
# #.###..#Z...#
#
#.....#@#=##..#
#####..###.. .#
. ...##)#.#.
### #####....#
.# . ........
..# # ####.#
###.#.# #....
.... ▓▓▓▓ ▓▓▓ ▓


You could see a minotaur skeleton.

Vanquished Creatures
  Sonja (D:10)
  An unseen horror (D:11)
  3 hill giants
  2 orc sorcerers
  A cyclops (D:11)
  2 manticores
  Maurice (D:8)
  A kobold demonologist (D:11)
  6 trolls
  3 two-headed ogres
  3 hippogriffs
  Sigmund (D:2)
  3 wyverns
  A shadow (D:11)
  A wraith (D:11)
  2 basilisks
  9 yaks
  3 hungry ghosts
  A vampire mosquito (D:11)
  Menkaure (D:7)
  A warg (Orc:1)
  A mottled dragon (D:11)
  2 soldier ants
  2 porcupines (D:8)
  16 orc warriors
  3 wasps
  A black bear (D:8)
  An ice beast (D:5)
  2 sky beasts
  10 ogres
  2 phantoms
  6 necrophages
  7 centaurs
  3 crocodiles
  4 bullfrogs
  3 big kobolds
  6 scorpions
  A wyvern skeleton (D:11)
  3 wights (D:9)
  4 killer bees (D:10)
  5 howler monkeys
  6 crimson imps
  3 centaur zombies
  10 hounds
  A bullfrog zombie (D:8)
  5 jellies
  10 orc priests
  16 orc wizards
  A bullfrog skeleton (D:8)
  2 centaur skeletons (D:11)
  2 iguanas
  Ijyb (D:3)
  8 worker ants
  A killer bee zombie (D:9)
  A hound zombie (D:5)
  3 hound skeletons
  9 mummies
  2 worker ant zombies
  16 adders
  2 river rats (Sewer)
  2 shadow imps
  2 oozes
  2 adder zombies
  An adder skeleton (D:4)
  A worm (D:2)
  6 leopard geckos
  68 orcs
  2 ball pythons
  18 giant cockroaches
  2 gnoll zombies (Ossuary)
  7 goblins
  4 hobgoblins
  27 jackals
  6 quokkas
  7 bats
  12 frilled lizards
  2 hobgoblin zombies (Ossuary)
  A jackal zombie (D:6)
  16 kobolds
  4 kobold zombies (Ossuary)
  2 quokka skeletons
  A quokka zombie (D:8)
  13 rats
  A rat zombie (D:8)
435 creatures vanquished.

Vanquished Creatures (others)
  An adder (D:3)
  A bush (D:6)
  4 fungi (D:8)
  10 plants
16 creatures vanquished.

Grand Total: 451 creatures vanquished

Notes
Turn   | Place    | Note
-------+----------+-------------------------------------------
     0 | D:1      | Amnesiac the Mummy Gladiator began the quest for the Orb.
     0 | D:1      | Reached XP level 1. HP: 16/16 MP: 1/1
   265 | D:1      | Reached XP level 2. HP: 22/22 MP: 2/2
   270 | D:2      | Noticed Sigmund
   332 | D:1      | Reached skill level 3 in Staves
   749 | D:3      | Reached XP level 3. HP: 25/27 MP: 3/3
   887 | D:4      | Reached skill level 4 in Staves
   976 | D:4      | Reached XP level 4. HP: 20/33 MP: 4/4
  1000 | D:4      | Noticed a big kobold
  1012 | D:4      | Killed a big kobold
  1012 | D:4      | Reached skill level 5 in Staves
  1012 | D:4      | Reached XP level 5. HP: 9/38 MP: 5/5
  1306 | D:4      | Got a distressingly furry scale mail
  1317 | D:4      | Identified the cursed +1 scale mail of Geur {+Blink rPois rF++ rC-} (You found it on level 4 of the Dungeon)
  1405 | D:4      | Reached XP level 6. HP: 36/44 MP: 6/6
  1800 | D:5      | Entered Level 5 of the Dungeon
  1810 | D:5      | Reached skill level 6 in Staves
  1986 | D:5      | Reached XP level 7. HP: 39/50 MP: 7/7
  2124 | D:5      | Found a shattered altar of Ashenzari.
  2242 | D:5      | Reached skill level 7 in Staves
  3091 | D:6      | Reached skill level 8 in Staves
  3091 | D:6      | Reached XP level 8. HP: 9/58 MP: 8/8
  3115 | D:6      | Found Komeacw's Food Emporium.
  3227 | D:6      | Found a glowing drain.
  3256 | Sewer    | Entered a sewer
  3792 | D:6      | Found a staircase to the Ecumenical Temple.
  3803 | Temple   | Entered the Ecumenical Temple
  4410 | D:2      | Killed Sigmund
  4667 | D:3      | Noticed Ijyb
  4670 | D:3      | Found a radiant altar of Vehumet.
  4678 | D:3      | Killed Ijyb
  4818 | D:3      | Found an ancient bone altar of Kikubaaqudgha.
  5392 | D:6      | Found a blossoming altar of Fedhas.
  5688 | D:7      | Reached skill level 9 in Staves
  5690 | D:7      | Found Akhluutu's Antique Armour Emporium.
  5700 | D:7      | Noticed a hippogriff
  5723 | D:7      | Killed a hippogriff
  6166 | D:7      | Reached XP level 9. HP: 49/65 MP: 9/9
  6412 | D:7      | Found a burning altar of Makhleb.
  6417 | D:7      | Found a glowing silver altar of Zin.
  6417 | D:7      | Noticed an angel
  6418 | D:7      | Noticed a cacodemon
  6474 | D:7      | Reached skill level 10 in Staves
  6544 | D:7      | Noticed Menkaure
  6567 | D:7      | Killed Menkaure
  6567 | D:7      | Reached skill level 5 in Fighting
  6611 | D:7      | Found a snail-covered altar of Cheibriados.
  6800 | D:8      | Found an opulent altar of Gozag.
  6809 | D:8      | Became a worshipper of Gozag Ym Sagoz the Greedy
  7024 | D:8      | Found a sparkling altar of Nemelex Xobeh.
  7067 | D:8      | Noticed Maurice
  7079 | D:8      | Found a sand-covered staircase.
  7086 | Ossuary  | Entered an ossuary
  7779 | D:6      | Reached skill level 11 in Staves
  8338 | D:8      | Learned a level 2 spell: Passwall
  8375 | D:8      | Reached XP level 10. HP: 36/76 MP: 10/10
  8406 | D:8      | HP: 3/76 [porcupine (11)]
  9237 | D:8      | Found a staircase to the Lair.
  9780 | D:8      | Killed Maurice
 10010 | D:8      | Reached skill level 12 in Staves
 10892 | D:8      | Found a bloodstained altar of Trog.
 11060 | D:9      | Found a shimmering altar of Xom.
 11819 | D:9      | Found a staircase to the Orcish Mines.
 12096 | Orc:1    | Entered Level 1 of the Orcish Mines
 13035 | Orc:1    | Reached XP level 11. HP: 40/86 MP: 11/11
 13249 | Orc:1    | Found a roughly hewn altar of Beogh.
 13555 | Orc:1    | Noticed an orc sorcerer
 13579 | Orc:1    | Noticed a soul eater
 13585 | Orc:1    | Killed an orc sorcerer
 14030 | Orc:1    | Reached skill level 13 in Staves
 14357 | Orc:1    | Noticed an orc knight
 14383 | Orc:2    | Entered Level 2 of the Orcish Mines
 14395 | Orc:2    | Noticed an orc sorcerer
 14417 | Orc:2    | Killed an orc sorcerer
 14906 | Orc:2    | Found a roughly hewn altar of Beogh.
 15128 | Orc:2    | Found a roughly hewn altar of Beogh.
 16286 | Orc:2    | Noticed an orc knight
 16887 | Orc:2    | Found a roughly hewn altar of Beogh.
 16926 | Orc:2    | Found Qebizece's Book Emporium.
 17696 | D:10     | Entered Level 10 of the Dungeon
 18099 | D:10     | Noticed Sonja
 18172 | D:10     | Killed Sonja
 18448 | D:10     | Noticed a hill giant
 18459 | D:10     | Killed a hill giant
 18459 | D:10     | Reached skill level 14 in Staves
 18989 | D:10     | Noticed a hill giant
 19115 | D:10     | Killed a hill giant
 19656 | D:11     | Reached skill level 5 in Dodging
 19954 | D:11     | Noticed a hill giant
 19968 | D:11     | Killed a hill giant
 19968 | D:11     | Reached XP level 12. HP: 70/92 MP: 12/12
 22241 | D:12     | Found a labyrinth entrance.
 22252 | Lab      | Entered a labyrinth
 22397 | Lab      | HP: 3/92 [minotaur skeleton (7)]
 22401 | Lab      | Slain by a minotaur skeleton

Vault maps used:
D:1:      elethiomel_arrival_shortcut
D:2:      minmay_roachtagon, minmay_tromino_v2, uniq_sigmund
D:3:      lemuel_crystal_altar, fiery_altar_vehumet, first_bread, uniq_iyjb
D:5:      overflow_temple_1_default
D:6:      fedhas_altar_decomposition, serial_shops, shop, gup_sewer_entry_glass
D:7:      grunt_temple_overflow_order_and_chaos_2, slow_altar_2, serial_shops,
          shop_coins, uniq_menkaure
D:8:      nicolae_overflow_crystal_walls, lemuel_round_altar,
          lemuel_coloured_pillars_altar, minmay_lair_entry_grove,
          enter_ossuary_4, uniq_maurice
D:9:      overflow_temple_1_default, orc_0_dummy
D:10:     hangedman_pestilent_swarm, uniq_sonja
D:11:     minmay_wavy_crystal
D:12:     enter_bailey_3, lab_entry_generic, uniq_kirke
Temple:   eino_temple_lava
Orc:1:    basic_altar, minmay_orc_barracks
Orc:2:    grunt_orc_community_town_hall, grunt_orc_community_big_house_2,
          grunt_orc_community_big_house_2, grunt_orc_community_house_1,
          grunt_orc_community_house_3, grunt_orc_community_house_3,
          grunt_orc_community_house_1, grunt_orc_community_house_3,
          grunt_orc_community_house_3, serial_shops, shop
Lab:      nicolae_lab_swirl, nicolae_lab_diamond
Sewer:    sewer_co_cracked_pipes
Ossuary:  ossuary_tomb_3

Skill      XL: |  1  2  3  4  5  6  7  8  9 10 11 12 |
---------------+-------------------------------------+-----
Staves         | 3 4 5 6 8 9 11 12 14 | 14.0
Fighting       | 3 4 6 8 |  8.0
Dodging        | 5 8 |  8.0
Throwing       | |  1.5

Action                   |  1- 3 |  4- 6 |  7- 9 | 10-12 || total
-------------------------+-------+-------+-------+-------++-------
Melee: Quarterstaff      |    96 |   129 |   892 |  1398 ||  2515
 Fire: Blowgun           |       |       |       |    10 ||    10
Throw: Throwing net      |       |       |     1 |     2 ||     3
 Cast: Passwall          |       |       |       |     1 ||     1
Invok: Call Merchant     |       |       |       |     1 ||     1
Evoke: Wand              |       |       |       |    14 ||    14
  Use: Scroll            |       |       |    14 |    16 ||    30
 Stab: Distracted        |       |       |     1 |     4 ||     5
       Held in net/web   |       |       |       |     1 ||     1
       Sleeping          |       |       |       |     1 ||     1
Armor: Chain mail        |    59 |    16 |       |   172 ||   247
       Leather armour    |     3 |       |       |       ||     3
       Scale mail        |       |    31 |   311 |   197 ||   539
       Skin              |       |       |       |     1 ||     1
Dodge: Dodged            |    37 |    66 |   368 |   440 ||   911
